 Dungeon Crawl Stone Soup version 0.17.1-2-g5865329 (webtiles) character file.

84 kaze the Ruffian (level 4, 0/44 HPs)
             Began as a Troll Berserker on Jan 27, 2016.
             Was a Believer of Trog.
             Slain by a gnoll
             ... wielding a +0 halberd
              (11 damage)
             ... on level 3 of the Dungeon.
             The game lasted 00:06:36 (1356 turns).

kaze the Ruffian (Troll Berserker)                  Turns: 1356, Time: 00:06:36

Health: 0/44       AC:  5    Str: 26    XL:     4   Next: 23%
Magic:  3/3        EV: 10    Int:  3    God:    Trog [**....]
Gold:   132        SH:  0    Dex:  9    Spells: 0 memorised, 3 levels left

rFire  + . .     SeeInvis .     k - +2 hand axe (freeze)
rCold  . . .     Clarity  .     a - +0 animal skin
rNeg   . . .     SustAt   .     (no shield)
rPois  .         Gourm    +     (helmet restricted)
rElec  .         Spirit   .     (no cloak)
rCorr  .         Warding  .     (gloves unavailable)
rMut   .         Stasis   .     (boots unavailable)
MR     .....                    b - amulet of rage
Stlth  +.........               (no ring)
                                j - ring of protection from fire

@: not resistant to hostile enchantments, very unstealthy
A: unfitting armour, claws 3, fast metabolism 3, gourmand, regeneration 2,
shaggy fur 1, tough skin 2
a: Berserk, Trog's Hand, Burn Spellbooks, Renounce Religion, Evoke Berserk Rage


You were on level 3 of the Dungeon.
You worshipped Trog.
Trog was pleased with you.
You were full.

You visited 1 branch of the dungeon, and saw 3 of its levels.

You collected 132 gold pieces.

Inventory:

Hand Weapons
 k - a +2 hand axe of freezing (weapon)
Armour
 a - a +0 animal skin (worn)
Jewellery
 b - an amulet of rage (around neck)
 j - a ring of protection from fire (left claw)
Scrolls
 e - 2 scrolls of identify
 f - 2 scrolls of teleportation {unknown}
 g - 2 scrolls of remove curse {unknown}
 m - a scroll of magic mapping {unknown}
Potions
 c - a potion of curing {unknown}
 d - a potion of lignification {unknown}
 i - a potion of might {unknown}
 l - a potion of invisibility {unknown}
 n - a potion of poison {unknown}
 o - a potion of berserk rage {unknown}
Comestibles
 h - 2 bread rations


   Skills:
 + Level 2.9 Fighting
 + Level 0.7 Axes
 + Level 3.3 Dodging
 + Level 3.5 Unarmed Combat


You had 3 spell levels left.
You didn't know any spells.

Dungeon Overview and Level Annotations

Branches:
Dungeon (3/15)

Altars:


Innate Abilities, Weirdness & Mutations

You are too large for most types of armour.
You have claws for hands.
Your metabolism is lightning-fast.
You like to eat raw meat.
You heal very quickly.
You are covered in fur (AC +1).
You have very tough skin (AC +2).


Message History

The gnoll closely misses you. The gnoll hits you but does no damage.
You hit the gnoll. You freeze the gnoll.
You kill the gnoll!
Trog accepts your kill.
The gnoll hits you from afar with a halberd.
The gnoll closely misses you.
Things that are here:
a spear; a gnoll corpse You hit the gnoll but do no damage.
The gnoll hits you with a halberd.
You hit the gnoll. You freeze the gnoll.
The gnoll is severely wounded.
The gnoll hits you with a halberd.
You barely miss the gnoll.
The gnoll is severely wounded.
The gnoll hits you with a halberd!
* * * LOW HITPOINT WARNING * * *
You hit the gnoll. You freeze the gnoll. You claw the gnoll, but do no damage.
The gnoll is severely wounded.
The gnoll hits you with a halberd!
You die...

.. #.#
.####.###
........#######
#..........#
#..#.#####.#
#....# #.#
#....# #)#
.#####....# #@#
........### #g#
#######.# #..
#.# #### ##'##
##...##
##....<##
##.......##
#.........#


You could see a gnoll.

Vanquished Creatures
  4 adders (D:2)
  2 gnolls (D:3)
  A giant gecko (D:2)
  2 bats (D:2)
  3 giant cockroaches (D:1)
  4 goblins
  4 hobgoblins
  3 kobolds
  A quokka (D:2)
  3 giant newts
  4 rats
31 creatures vanquished.

Notes
Turn   | Place    | Note
--------------------------------------------------------------
     0 | D:1      | kaze the Troll Berserker began the quest for the Orb.
     0 | D:1      | Reached XP level 1. HP: 22/22 MP: 0/0
   352 | D:1      | Reached XP level 2. HP: 26/29 MP: 1/1
   895 | D:2      | Reached XP level 3. HP: 36/36 MP: 2/2
  1008 | D:2      | Reached ** piety under Trog
  1346 | D:3      | Reached XP level 4. HP: 39/44 MP: 3/3
  1356 | D:3      | Slain by a gnoll

Action                   |  1- 3 |  4- 6 || total
-------------------------+-------+-------++-------
Melee: Unarmed           |    28 |       ||    28
       Hand axe          |    46 |     8 ||    54
  Use: Scroll            |     2 |       ||     2
  Eat: Chunk             |     5 |       ||     5
       Bread ration      |     2 |       ||     2
       Pizza             |     1 |       ||     1
